Map: Hardwire LE

Players

A.I. 1 (Very Easy) - Winner!

  • Race: Protoss Protoss
  • Spawn Location: 1:00

ArT

  • Race: Protoss Protoss
  • Spawn Location: 7:00

VOD

Have the link to the VOD?

Description

Time

  • Played on: Jan. 14, 2022, 6:01 a.m.
  • Length: 4:57
Show
View Real Time Build Order
Export as new Build Order

A.I. 1 (Very Easy) Protoss - Winner!

Build Orders:  

Get SALT Encoding   

  12  0:00  Probe  
  13  0:13  Probe  
  14  0:20  Pylon  
  14  0:37  Assimilator  
  14  0:43  Gateway  
  14  0:45  Pylon  
  14  1:13  Assimilator  
  14  1:17  Probe  
  15  1:25  Probe  
  15  1:32  Cybernetics Core  
  16  1:33  Probe  
  17  1:44  Probe  
  18  1:56  Probe  
  18  1:59  Warp Gate  
  19  2:04  Probe  
  20  2:11  Stalker  
  22  3:47  Stalker  
  24  3:50  Pylon  
  24  4:16  Zealot  
  26  4:44  Stalker  
Show
View Real Time Build Order
Export as new Build Order

ArT Protoss 

Build Orders: Phoenix Opening 

Get SALT Encoding   

  12  0:00  Probe  
  13  0:12  Probe  
  14  0:19  Pylon  
  14  0:24  Probe  
  15  0:37  Probe (Chrono Boost)  
  15  0:38  Gateway  
  16  0:46  Probe (Chrono Boost), Assimilator  
  17  0:51  Probe  
  17  0:56  Assimilator  
  18  1:03  Probe (Chrono Boost)  
  19  1:08  Gateway  
  19  1:13  Probe (Chrono Boost)  
  19  1:18  Probe (Chrono Boost)  
  21  1:25  Cybernetics Core  
  21  1:30  Probe  
  22  1:34  Pylon  
  22  1:42  Probe  
  23  1:54  Probe  
  23  1:59  Warp Gate (Chrono Boost)  
  24  2:01  Stalker x2  
  28  2:11  Pylon  
  28  2:31  Stalker x2  
  32  2:48  Nexus  
  32  2:51  Probe  
  33  3:02  Sentry x2  
  33  3:03  Probe  
  38  3:06  Pylon  
  38  3:15  Probe  
  39  3:20  Twilight Council  
  39  3:26  Shield Battery  
  39  3:28  Probe  
  40  3:36  Shield Battery  
  40  3:40  Probe  
  41  3:44  Phoenix  
  41  3:51  Stalker  
  41  3:52  Stalker  
  41  3:55  Probe (Chrono Boost)  
  46  4:00  Probe (Chrono Boost)  
  47  4:08  Probe (Chrono Boost)  
  49  4:10  Probe (Chrono Boost)  
  49  4:14  Probe (Chrono Boost)  
  49  4:16  Probe  
  51  4:26  Probe  
  51  4:28  Probe  
  53  4:31  Forge  
  53  4:35  Robotics Facility  
  53  4:38  Probe  
  54  4:40  Probe  
  55  4:47  Pylon  
Tags
 
Matchup
PvP
Player
ArT
Spawn Locations
Cross Positions
Add a new tag
Caveats
  • Supply blocks, unpowered buildings, or Contaminate may cause inaccurate times.
  • Supply counts are checked every 10 seconds.